 Dungeon Crawl Stone Soup version 0.27.0-1-g7a089689b8 (webtiles) character file.

Game seed: 8726870837906076597

30 willcat the Sneak (level 3, -8/29 HPs)
             Began as a Mummy Delver on Aug 13, 2021.
             Was an Initiate of Qazlal.
             Splashed by a jelly's acid (9 damage)
             ... on level 5 of the Dungeon.
             The game lasted 00:00:51 (489 turns).

willcat the Sneak (Mummy Delver)                     Turns: 489, Time: 00:00:51

Health: -8/29      AC: -1    Str: 16    XL:     3   Next: 3%
Magic:  3/3        EV: 11    Int:  9    God:    Qazlal [......]
Gold:   0          SH:  0    Dex: 13    Spells: 2/2 levels left

rFire    x . .     SeeInvis .   a - +0 short sword
rCold    + . .     Faith    .   (no shield)
rNeg     + + +     Spirit   .   b - +0 leather armour
rPois    ∞         Reflect  .   (no helmet)
rElec    .         Harm     .   (no cloak)
rCorr    .         Rampage  .   (no gloves)
Will     .....                  (no boots)
Stlth    ++........             (no amulet)
HPRegen  0.09/turn              (no ring)
MPRegen  0.08/turn              (no ring)

@: corroded
A: cold resistance 1, negative energy resistance 3, torment resistance 2, heat
vulnerability 1, no potions
a: Renounce Religion


You were on level 5 of the Dungeon.
You worshipped Qazlal.
Qazlal was noncommittal.
You visited 2 branches of the dungeon, and saw 3 of its levels.

Inventory:

Hand Weapons
 a - a +0 short sword (weapon)
Armour
 b - a +0 leather armour (worn)
 g - a +0 pair of boots
Wands
 f - a wand of digging (3)
Scrolls
 c - a scroll of fog
 d - a scroll of magic mapping
 e - a scroll of fear


   Skills:
 - Level 3.0 Fighting
 + Level 2.3 Short Blades
 - Level 1.5 Dodging
 + Level 4.5 Stealth


You had 2 spell levels left.
You didn't know any spells.
Your spell library was empty.

Dungeon Overview and Level Annotations

Branches:
Dungeon (6/15)             Temple (1/1) D:5

Altars:
Cheibriados
Dithmenos
Elyvilon
Fedhas
Hepliaklqana
Kikubaaqudgha
Makhleb
Qazlal
Ru
Trog
Uskayaw
Xom
Yredelemnul
Zin
The Shining One

Shops:
D:5 *

Annotations:
D:6 Sigmund


Innate Abilities, Weirdness & Mutations

You are immune to poison.
Your flesh is cold resistant. (rC+)
You are immune to negative energy. (rN+++)
You are immune to unholy pain and torment.
You are vulnerable to heat. (rF-)
You do not drink.


Message History

The white imp gestures at you. The puff of frost hits you. You resist.
You hit the white imp.
You kill the white imp!
Qazlal accepts your kill.
You have reached level 3!
Your experience leads to an increase in your attributes!
Increase (S)trength, (I)ntelligence, or (D)exterity?
You feel stronger.
You hit the jelly. The acid corrodes you!
Your hands burn!
The jelly is lightly wounded.
You hear the brisk rusting of a distant drain.
The jelly barely misses you.
Unknown command.
You completely miss the jelly.
The jelly is lightly wounded.
The jelly hits you.
You are splashed with acid!
Unknown command.
Okay, then.
You are no longer corroded.
You can't drink.
Unknown command.
You hit the jelly.
Your hands burn!
* * * LOW HITPOINT WARNING * * *
The jelly is lightly wounded.
The jelly hits you but does no damage.
Unknown command.
You completely miss the jelly.
The jelly is lightly wounded.
The jelly barely misses you.
Unknown command.
The jelly hits you.
* * * LOW HITPOINT WARNING * * *
The acid corrodes you!
You are splashed with acid!
* * * LOW HITPOINT WARNING * * *
The jelly jiggles.
The jelly hits you.
* * * LOW HITPOINT WARNING * * *
You are splashed with acid!
You die...

#.# #.# #.# #.# #.#
#.# #.#
#.####################
#...J@................
######################


You could see a jelly.

Vanquished Creatures
  A howler monkey (D:5)
  A hound zombie (D:5)
  A white imp (D:5)
3 creatures vanquished.

Notes
Turn   | Place    | Note
-------+----------+-------------------------------------------
     0 | D:5      | willcat the Mummy Delver began the quest for the Orb.
     0 | D:5      | Reached XP level 1. HP: 18/18 MP: 1/1
     1 | D:6      | Noticed Sigmund
     1 | D:6      | Noticed an iguana
     1 | D:6      | Noticed a bullfrog
     5 | D:6      | Noticed an ogre
    63 | D:5      | Reached XP level 2. HP: 10/24 MP: 2/2
    63 | D:5      | Found a staircase to the Ecumenical Temple.
   108 | Temple   | Entered the Ecumenical Temple
   333 | Temple   | Became a worshipper of Qazlal Stormbringer
   431 | D:5      | Noticed a howler monkey
   432 | D:5      | Found Buiw's General Store.
   439 | D:5      | Killed a howler monkey
   447 | D:5      | Reached XP level 3. HP: 24/29 MP: 3/3
   478 | D:5      | HP: 1/29 [acid (7)]
   489 | D:5      | HP: 1/29 [jelly (1)]
   489 | D:5      | Splashed by a jelly's acid

Illustrated notes

Levels and vault maps discovered:
D:5:      layout_basic, minitemple, kennysheep_orc_sif_temple, temple_hall,
          serial_shops, nicolae_diamond_shop, shop_fountains,
          portal_sewer_entry_f, uniq_pikel
D:6:      layout_rooms, nicolae_gozag_zags_fifth_avenue, kennysheep_diamond,
          kennysheep_generic_room_13, uniq_crazy_yiuf_cottage, uniq_menkaure,
          uniq_sigmund
Temple:   regret_index_temple_sphere_string

Skill      XL: |  1 |
---------------+----+-----
Short Blades   | 2 |  2.3
Fighting       | |  3.0
Dodging        | |  1.5
Stealth        | |  4.5

Action                   || total
-------------------------++-------
Melee: Short sword       ||    26
 Stab: Sleeping          ||     1
Armor: Leather armour    ||     8
Dodge: Dodged            ||    14
